 Dungeon Crawl Stone Soup version 0.29.1-1-gd02db6906a (webtiles) character file.

Game seed: 10962443802594463408

95 cdecastro the Chopper (level 4, -1/37 HPs)
             Began as a Palentonga Fighter on Oct 23, 2022.
             Slain by a gnoll
             ... wielding a +0 flail
              (6 damage)
             ... on level 3 of the Dungeon.
             The game lasted 00:02:42 (2038 turns).

cdecastro the Chopper (Palentonga Fighter)          Turns: 2038, Time: 00:02:43

Health: -1/37      AC:  6    Str: 23    XL:     4   Next: 40%
Magic:  4/4        EV:  7    Int:  9    God:
Gold:   150        SH:  4    Dex:  9    Spells: 3/3 levels left

rFire   . . .      SeeInvis +   a - +0 war axe
rCold   . . .      Faith    .   c - +0 buckler
rNeg    . . .      Spirit   .   b - +0 scale mail
rPois   .          Reflect  .   (no helmet)
rElec   .          Harm     .   (no cloak)
rCorr   .          Rampage  .   (no gloves)
Will    .....                   (no barding)
Stlth   ..........              (no amulet)
HPRegen 0.12/turn               (no ring)
MPRegen 0.09/turn               (no ring)

@: no status effects
A: large, rugged brown scales 3, see invisible, deformed body, roll 1, armoured
tail
a: Rolling Charge


You were on level 3 of the Dungeon.
You visited 1 branch of the dungeon, and saw 3 of its levels.

You collected 150 gold pieces.

Inventory:

Hand Weapons
 a - a +0 war axe (weapon)
Missiles
 f - 35 stones
Armour
 b - a +0 scale mail (worn)
 c - a +0 buckler (worn)
Jewellery
 s - an amulet of the acrobat
Wands
 u - a wand of polymorph (12)
 v - a wand of flame (29)
Scrolls
 e - a scroll of magic mapping {unknown}
 g - 4 scrolls of identify {unknown}
 i - 2 scrolls of noise {unknown}
 o - a scroll of poison {unknown}
 q - a scroll of silence {unknown}
 r - a scroll of vulnerability {unknown}
 t - a scroll of enchant weapon {unknown}
Potions
 d - 2 potions of might
 h - 3 potions of curing {unknown}
 j - a potion of flight {unknown}
 k - a potion of brilliance {unknown}
 l - a potion of invisibility {unknown}
 m - a potion of haste {unknown}
 n - a potion of mutation {unknown}
 p - a potion of magic {unknown}


   Skills:
 - Level 3.0 Fighting
 + Level 4.7 Axes
 - Level 2.4 Armour
 - Level 2.6 Shields


You had 3 spell levels left.
You didn't know any spells.
Your spell library contained the following spells:

 Spells                   Type           Power      Damage    Failure   Level
 Gell's Gravitas          Tloc           0%         N/A       98%         3
 Teleport Other           Tloc           0%         N/A       98%         3
 Tukima's Dance           Hex            0%         N/A       98%         3
 Passage of Golubria      Tloc           0%         N/A       100%        4
 Yara's Violent Unravell  Hex/Tmut       0%         3d3       100%        5
 Dispersal                Tloc           0%         N/A       100%        6


Dungeon Overview and Level Annotations

Branches:
Dungeon (3/15)

Altars:

Annotations:
D:2 Sigmund


Innate Abilities, Weirdness & Mutations

You are completely covered in rugged brown scales. (AC +3, +7% HP)
You have supernaturally acute eyesight. (SInv)
Armour fits poorly on your strangely shaped body.
You can roll at nearby foes to attack.
You have a long armoured tail.


Message History

You have reached level 4!
You feel clever.
Things that are here:
a +0 dagger; a +0 robe; an orc corpse
f - 35 stones (gained 7) 4 gnolls come into view.
The gnoll shouts! x2
There are monsters nearby!
There are monsters nearby!
There are monsters nearby!
You closely miss the gnoll. The gnoll closely misses you.
The gnoll hits you with a +0 flail.
You hit the gnoll.
The gnoll is moderately wounded.
You hit the gnoll.
The gnoll is lightly wounded.
You barely miss the gnoll. The gnoll hits you with a +0 flail.
The gnoll hits you with a +0 flail!
You barely miss the gnoll.
Your tail-slap misses the gnoll.
The gnoll is lightly wounded.
You slash the gnoll! The gnoll closely misses you.
Unknown command.
You barely miss the gnoll.
The gnoll is almost dead.
You block the gnoll's attack.
You hit the gnoll.
You kill the gnoll!
You slash the gnoll!
The gnoll is almost dead.
The gnoll hits you with a +0 flail.
The gnoll hits you from afar with a +0 halberd.
* * * LOW HITPOINT WARNING * * *
You hit the gnoll.
You kill the gnoll!
The gnoll hits you from afar with a +0 halberd.
* * * LOW HITPOINT WARNING * * *
The gnoll hits you from afar with a +0 halberd!
* * * LOW HITPOINT WARNING * * *
The gnoll hits you with a +0 flail.
You die... #. #. #. #. #g #. #g################## #.g@................ ####################

You could see 2 gnolls.

Vanquished Creatures
  An orc wizard (D:3)
  An adder (D:3)
  2 gnolls (D:3)
  A dart slug (D:3)
  3 orcs (D:3)
  7 ball pythons
  5 bats
  5 endoplasms
  A giant cockroach (D:1)
  5 goblins
  2 hobgoblins
  2 jackals (D:3)
  4 kobolds (D:1)
  A quokka (D:2)
  A frilled lizard (D:1)
  3 rats
44 creatures vanquished.

Notes
Turn   | Place    | Note
-------+----------+-------------------------------------------
     0 | D:1      | cdecastro the Palentonga Fighter began the quest for the
                  | Orb.
     0 | D:1      | Reached XP level 1. HP: 19/19 MP: 1/1
   346 | D:1      | Reached XP level 2. HP: 25/25 MP: 2/2
   477 | D:1      | Reached skill level 3 in Axes
  1201 | D:2      | Noticed Sigmund
  1252 | D:3      | Reached XP level 3. HP: 22/31 MP: 3/3
  1790 | D:3      | Reached skill level 4 in Axes
  1931 | D:3      | Reached XP level 4. HP: 33/37 MP: 4/4
  2038 | D:3      | Slain by a gnoll

Illustrated notes

Levels and vault maps discovered:
D:1:      erik_arrival_cave_to_civilisation [erik_arrival_cave_to_hall],
          layout_basic
D:2:      layout_loops_corners, shapermc_ecumenical_altar_mp_urbaneastern,
          uniq_sigmund
D:3:      minmay_razor_zed, layout_basic, serial_rivers,
          chequers_serial_rivers_small_b, chequers_serial_rivers_micro_c,
          chequers_serial_rivers_micro_e, chequers_serial_rivers_marsh,
          chequers_serial_rivers_room_b

Skill      XL: |  1  2  3 |
---------------+----------+-----
Axes           | 3 4 |  4.7
Fighting       | |  3.0
Armour         | |  2.4
Shields        | |  2.6

Action                   |  1- 3 |  4- 6 || total
-------------------------+-------+-------++-------
Melee: War axe           |   105 |     8 ||   113
       Tailslap          |    10 |       ||    10
 Abil: Rolling Charge    |    11 |       ||    11
Armor: Scale mail        |    54 |       ||    54
Dodge: Dodged            |    42 |     2 ||    44
Block: Buckler           |    18 |     1 ||    19
